 Dungeon Crawl Stone Soup version 0.29-a0-892-g2c4c91d9db (webtiles) character file.

Game seed: 3973588941250665540

2 Snarg the Charlatan (level 1, 0/9 HPs)
             Began as a Spriggan Artificer on July 22, 2022.
             Slain by a quokka (3 damage)
             ... on level 1 of the Dungeon.
             The game lasted 00:01:04 (134 turns).

Snarg the Charlatan (Spriggan Artificer)             Turns: 134, Time: 00:01:06

Health: 0/9        AC:  2    Str:  8    XL:     1   Next: 25%
Magic:  2/2        EV: 17    Int: 12    God:
Gold:   17         SH:  0    Dex: 15    Spells: 0/0 levels left

rFire   . . .      SeeInvis +   a - +0 club
rCold   . . .      Faith    .   (no shield)
rNeg    . . .      Spirit   .   b - +0 robe
rPois   .          Reflect  .   (helmet restricted)
rElec   .          Harm     .   (no cloak)
rCorr   .          Rampage  .   (gloves unavailable)
Will    .....                   (boots unavailable)
Stlth   ++........              (no amulet)
HPRegen 0.03/turn               (no ring)
MPRegen 0.08/turn               (no ring)

@: very quick
A: very small, no large weapons, unfitting armour, see invisible, speed 3
a: no special abilities


You were on level 1 of the Dungeon.
You visited 1 branch of the dungeon, and saw 1 of its levels.

You collected 17 gold pieces.

Inventory:

Hand Weapons
 a - a +0 club (weapon)
Armour
 b - a +0 robe (worn)
Wands
 c - a wand of flame (15) (quivered)
 d - a wand of charming (14)
 e - a wand of iceblast (9)
Scrolls
 f - a scroll of identify {unknown}


   Skills:
 * Level 0.8 Fighting
 + Level 3.2 Dodging
 + Level 1.5 Stealth
 + Level 4.1 Evocations


You couldn't memorise any spells.
You didn't know any spells.
Your spell library was empty.

Dungeon Overview and Level Annotations

Branches:
Dungeon (1/15)

Altars:


Innate Abilities, Weirdness & Mutations

You are very small and have problems with some larger weapons.
You are too small for most types of armour.
You have supernaturally acute eyesight. (SInv)
You cover ground extremely quickly. (Speed+++)


Message History

Attack!
Your hobgoblin barely misses the ball python.
You closely miss the ball python. The ball python bites you.
The ball python barely misses you. The ball python misses you.
The ball python barely misses you.
Your hobgoblin hits the ball python.
The ball python dies!
What are your orders? t - Shout!
Orders for allies: a - Attack new target. r - Retreat! s - Stop attacking. g - Guard the area. f - Follow me.
Anything else - Cancel.
Gang up on whom?
Press: ? - help, Dir - move target, f - quokka
Aim: a quokka (ally target) Attack!
The quokka bites your hobgoblin.
You see here a giant cockroach corpse.
Your hobgoblin barely misses the quokka.
The quokka bites your hobgoblin. The quokka barely misses you.
Your hobgoblin hits the quokka. You hit the quokka but do no damage.
The quokka is heavily wounded.
The quokka bites you.
Your hobgoblin misses the quokka. The quokka closely misses you.
You miss the quokka.
The quokka is heavily wounded.
Your hobgoblin hits the quokka but does no damage.
The quokka bites your hobgoblin but does no damage.
Your hobgoblin closely misses the quokka.
You strike the helpless quokka from behind!
You hit the quokka but do no damage.
The quokka is heavily wounded.
The quokka twitches its whiskers.
The quokka misses you.
Your hobgoblin hits the quokka. The quokka bites you.
You are too injured to fight recklessly!
You closely miss the quokka.
The quokka is almost dead.
The quokka bites you.
You die...

....... .......
....... #####.......
#..........
#......... #.....#
#..@r.# #..g..#
######## #††...#
#≈#≈.'.#######.....#
≈#≈###.............#
≈#≈#####.......#####
≈#≈≈.# #.......#
≈###.# #.......#
≈#.#.# #.......#


You could see a quokka (ally target) and a friendly hobgoblin (charmed).

Vanquished Creatures
  A giant cockroach (D:1)
1 creature vanquished.

Vanquished Creatures (collateral kills)
  A ball python (D:1)
1 creature vanquished.

Grand Total: 2 creatures vanquished

Notes
Turn   | Place    | Note
-------+----------+-------------------------------------------
     0 | D:1      | Snarg the Spriggan Artificer began the quest for the Orb.
     0 | D:1      | Reached XP level 1. HP: 9/9 MP: 2/2
   134 | D:1      | Slain by a quokka

Illustrated notes

Levels and vault maps discovered:
D:1:      ncdulo_wetmaze, layout_basic, serial_shops,
          nicolae_shop_hallway_stairs, shop, shop

Action                   || total
-------------------------++-------
Melee: Club              ||    10
Evoke: Wand              ||     1
 Stab: Distracted        ||     1
Armor: Robe              ||     3
Dodge: Dodged            ||    10

Table legend: (Time is in decaauts)
 A = Elapsed time spent in this place.
 B = Non-inter-level travel time spent in this place.
 C = Inter-level travel time spent in this place.
 D = Time resting spent in this place.
 E = Time spent auto-exploring this place.
 F = Levels seen in this place.
 G = Mean time per level.
                   A        B        C        D        E       F      G
               +--------+--------+--------+--------+--------+-----+--------+
         Total |    107 |     85 |     22 |      0 |     45 |   1 |  107.0 |
       Dungeon |    107 |     85 |     22 |      0 |     45 |   1 |  107.0 |
               +--------+--------+--------+--------+--------+-----+--------+

Top non-repeatable levels by time:
     D:1: 107 daAuts
